AoeStats
← IGI.The_Jenk

Runestones

507841710Analyzed
1v1 RM · 12d ago on Sep 19, 2026· 46m 24s· 2 players
Game mode
Random Map
Map size
Tiny (2 player)
Population
200
Speed
Normal
Resources
Standard
Victory
Conquest
Starting age
Dark Age
Ending age
Imperial Age
RankedLock teamsTeams togetherTeam positionsShared explorationLock speedFull tech treeHidden civsTurbo modeCheats
Victory
Defeat
🇬🇧 Wei · United Kingdom
1154
+17
🇲🇽 Romans · Mexico
1175
-17
IGI.The_Jenk
6:09 Loom
9:04 Feudal Age
9:52 Double-Bit Axe
9:50 Horse Collar
15:47 Gold Mining
19:44 Castle Age
18:12 Bloodlines
18:38 Fletching
20:26 Bodkin Arrow
22:00 Bow Saw
22:40 Husbandry
22:43 Padded Archer Armor
25:00 Wheelbarrow
29:02 Gold Shaft Mining
28:20 Stone Mining
29:05 Gold Shaft Mining
31:24 Scale Barding Armor
32:52 Stone Shaft Mining
32:41 Hand Cart
35:25 Imperial Age
33:13 Hand Cart
33:54 Heavy Plow
34:50 Thumb Ring
35:04 Leather Archer Armor
35:16 Town Watch
36:21 Ballistics
36:57 Chain Barding Armor
36:48 Forging
36:24 Onager
38:51 Chemistry
39:19 Ming Guang Armor
39:54 Crop Rotation
39:50 Conscription
40:11 Elite Tiger Cavalry
43:53 Iron Casting
46:09 Town Patrol
46:53 Murder Holes
Arcangelos
1:49 Loom
11:06 Feudal Age
12:27 Wheelbarrow
11:40 Double-Bit Axe
13:35 Horse Collar
20:10 Castle Age
18:47 Scale Mail Armor
19:38 Forging
19:25 Gold Mining
19:25 Man-at-Arms
20:47 Town Watch
21:19 Chain Mail Armor
21:50 Squires
23:13 Pikeman
24:17 Bow Saw
25:59 Ballistics
34:27 Iron Casting
34:53 Fletching
40:25 Imperial Age
38:11 Hand Cart
38:46 Bodkin Arrow
41:04 Ballistas
42:08 Blast Furnace
41:37 Conscription
43:08 Halberdier
Connection lost

Rejoining the realm…

Still unreachable

The connection could not be restored.

Session expired

The server has moved on; the page needs a fresh start.